 Dungeon Crawl Stone Soup version 0.31.0-12-g77e489cdc1 (webtiles) character file.

Game seed: 10027755195773789192

192 lordive the Slasher (level 5, -1/47 HPs)
             Began as a Minotaur Monk on Feb 28, 2024.
             Succumbed to a water moccasin's poison
             ... on level 5 of the Dungeon.
             The game lasted 00:02:16 (1882 turns).

lordive the Slasher (Minotaur Monk)                 Turns: 1882, Time: 00:02:17

Health: -1/47      AC:  6    Str: 15    XL:     5   Next: 42%
Magic:  4/4        EV: 10    Int:  7    God:
Gold:   47         SH:  0    Dex: 15    Spells: 4/4 levels left

rFire   . . .        a - +0 falchion
rCold   . . .        (no shield)
rNeg    . . .        i - +0 scale mail
rPois   .            (helmet restricted)
rElec   .            (no cloak)
rCorr   .            (no gloves)
SInv    .            (no boots)
Will    +....        (no amulet) Stlth
                     j - ring of willpower
HPRegen 0.27/turn    (no ring)
MPRegen 0.09/turn

%: no passive effects
@: lethally poisoned (-1 -> -9)
A: horns 2, retaliatory headbutt
a: no special abilities


You were on level 5 of the Dungeon.
You visited 1 branch of the dungeon, and saw 5 of its levels.

You collected 47 gold pieces.

Inventory:

Hand Weapons
 a - a +0 falchion (weapon)
 f - a +1 dagger of speed
Armour
 d - an orb of light
 i - a +0 scale mail (worn)
Jewellery
 j - a ring of willpower (left hand)
Scrolls
 b - 2 scrolls of identify {unknown}
 e - a scroll of amnesia {unknown}
 g - a scroll of enchant weapon {unknown}
 h - a scroll of teleportation {unknown}
 k - a scroll of acquirement {unknown}
Potions
 c - a potion of ambrosia
 l - a potion of curing {unknown}


   Skills:
 + Level 4.9 Fighting
 + Level 5.6 Long Blades
 + Level 1.0 Armour
 + Level 3.9 Dodging
 + Level 1.3 Stealth


You had 4 spell levels left.
You didn't know any spells.
Your spell library contained the following spells:

 Spells                   Type           Power      Damage    Failure   Level
 Foxfire                  Conj/Fire      0%         2x1d4     88%         1
 Freeze                   Ice            0%         1d3       88%         1
 Ensorcelled Hibernation  Hex/Ice        0%         N/A       96%         2
 Scorch                   Fire           0%         2d5       96%         2
 Fugue of the Fallen      Necr           0%         N/A       99%         3
 Anguish                  Hex/Necr       0%         N/A       100%        4
 Brom's Barrelling Bould  Conj/Erth      0%         2d3       100%        4
 Flame Wave               Conj/Fire      0%         2d4       100%        4
 Summon Cactus Giant      Summ           0%         N/A       100%        6


Dungeon Overview and Level Annotations

Branches:
Dungeon (5/15)
 Temple: D:4-7

Altars:
Gozag
Nemelex Xobeh


Innate Abilities, Weirdness & Mutations

You have a pair of horns on your head.
You reflexively headbutt those who attack you in melee.


Message History

The water moccasin attacks as it pursues you!
The water moccasin bites you.
You are more poisoned.
The water moccasin poisons you!
You hit the water moccasin.
The water moccasin is lightly wounded.
You feel very sick. The water moccasin barely misses you.
You furiously retaliate!
You headbutt the water moccasin. You hit the water moccasin.
Your headbutt misses the water moccasin.
The water moccasin is moderately wounded.
You feel very sick. The water moccasin barely misses you.
The water moccasin bites you!
* * * LOW HITPOINT WARNING * * *
You are too injured to fight recklessly!
You are too injured to fight recklessly!
Okay, then.
You barely miss the water moccasin. You headbutt the water moccasin.
You punch the water moccasin.
The water moccasin is severely wounded.
* * * LOW HITPOINT WARNING * * *
You feel very sick. The water moccasin misses you.
You closely miss the water moccasin.
The water moccasin is severely wounded.
* * * LOW HITPOINT WARNING * * *
You feel very sick. The water moccasin misses you.
The water moccasin completely misses you.
You barely miss the water moccasin.
The water moccasin is severely wounded.
* * * LOW HITPOINT WARNING * * *
You feel very sick. The water moccasin bites you.
* * * LOW HITPOINT WARNING * * *
You hit the water moccasin.
Your headbutt misses the water moccasin.
The water moccasin is severely wounded.
You die...

#.# ... #.#
#.# # #.# #.
#.# .##..
##.####
......#.oS@.#
........###.#
.>......# .#
......### .#
...... .#
...... .#
..... .#
..... .. .##.


You could see a water moccasin and an orc.

Vanquished Creatures
  A scorpion (D:4)
  A bombardier beetle (D:4)
  An iguana (D:2)
  3 adders
  A dart slug (D:1)
  A ribbon worm (D:4)
  2 ball pythons
  6 endoplasms
  2 giant cockroaches (D:1)
  3 goblins (D:1)
  5 hobgoblins
  2 jackals (D:1)
  3 kobolds
  3 quokkas
  3 bats (D:1)
  2 frilled lizards (D:1)
  6 rats
45 creatures vanquished.

Notes
Turn   | Place    | Note
-------+----------+-------------------------------------------
     0 | D:1      | lordive the Minotaur Monk began the quest for the Orb.
     0 | D:1      | Reached XP level 1. HP: 19/19 MP: 0/0
   160 | D:1      | Reached XP level 2. HP: 27/27 MP: 1/1
   190 | D:1      | Reached skill level 4 in Long Blades
   528 | D:1      | Reached XP level 3. HP: 34/34 MP: 2/2
  1005 | D:2      | Reached XP level 4. HP: 41/41 MP: 3/3
  1182 | D:4      | Noticed a scorpion
  1194 | D:4      | Killed a scorpion
  1195 | D:4      | Reached skill level 5 in Long Blades
  1195 | D:4      | Reached skill level 1 in Stealth
  1276 | D:4      | Reached XP level 5. HP: 47/47 MP: 4/4
  1404 | D:4      | Reached skill level 1 in Armour
  1486 | D:4      | Got Farocuvi's Papyrus of Chilling Battling
  1675 | D:4      | Found a sparkling altar of Nemelex Xobeh.
  1675 | D:4      | Found an opulent altar of Gozag.
  1870 | D:5      | Entered Level 5 of the Dungeon
  1870 | D:5      | Noticed a water moccasin
  1881 | D:5      | HP: 1/47 [water moccasin (2)]
  1882 | D:5      | Succumbed to a water moccasin's poison

Illustrated notes

Levels and vault maps discovered:
D:1:      tarquinn_simple_flora_water_a, layout_loops_corners
D:2:      layout_loops_cross
D:3:      layout_basic, nicolae_ru_great_annihilating_truth, uniq_terence
D:4:      layout_basic, grunt_temple_overflow_opulence
D:5:      layout_loops_ring, minmay_temple_entry_stoned_glass, st_stairs_5,
          nicolae_wormholes, uniq_eustachio

Skill      XL: |  1  2  3  4  5 |
---------------+----------------+-----
Fighting       | 4 |  4.9
Long Blades    | 4 5 |  5.6
Stealth        | 1 |  1.3
Armour         | 1 |  1.0
Dodging        | |  3.9

Action                     |  1- 3 |  4- 6 || total
---------------------------+-------+-------++-------
  Melee: Falchion          |    65 |    45 ||   110
         Headbutt          |     7 |     9 ||    16
         Punch             |     2 |     2 ||     4
   Stab: Sleeping          |     2 |     1 ||     3
 Armour: Robe              |    40 |     3 ||    43
         Scale mail        |       |    25 ||    25
  Dodge: Dodged            |    46 |    19 ||    65
